 Dungeon Crawl Stone Soup version 0.23.2-1-ga50397a (webtiles) character file.

Game seed: 5810794281067375563

35 troglodite the Chiller (level 3, -1/25 HPs)
             Began as a Barachi Ice Elementalist on May 20, 2019.
             Slain by a howler monkey skeleton (3 damage)
             ... on level 2 of the Dungeon.
             The game lasted 00:06:21 (1831 turns).

troglodite the Chiller (Barachi Ice Elementalist)   Turns: 1831, Time: 00:06:22

Health: -1/25      AC:  2    Str:  9    XL:     3   Next: 35%
Magic:  1/7        EV: 13    Int: 15    God:
Gold:   69         SH:  0    Dex: 13    Spells: 4/7 levels left

rFire    . . .     SeeInvis .   (no weapon)
rCold    . . .     Gourm    .   (no shield)
rNeg     . . .     Faith    .   a - +0 robe
rPois    .         Spirit   .   (no helmet)
rElec    .         Reflect  .   (no cloak)
rCorr    .         Harm     .   (no gloves)
MR       .....                  (no boots)
Stlth    ++........             (no amulet)
HPRegen  0.08/turn              (no ring)
MPRegen  0.10/turn              (no ring)

@: slow
A: +LOS, swims, slowness 1, strong legs 1
a: Hop


You were on level 2 of the Dungeon.
You were not hungry.

You visited 1 branch of the dungeon, and saw 2 of its levels.

You collected 69 gold pieces.

Inventory:

Armour
 a - a +0 robe (worn)
Jewellery
 d - an uncursed ring of protection from fire {unknown}
Scrolls
 b - 3 scrolls of identify {unknown}
 e - a scroll of noise {unknown}
Potions
 f - a potion of magic {unknown}
Comestibles
 c - 2 rations


   Skills:
 * Level 0.8 Fighting
 * Level 2.6 Dodging
 + Level 1.8 Stealth
 * Level 2.7 Spellcasting
 * Level 1.1 Conjurations
 * Level 4.3 Ice Magic


You had 4 spell levels left.
You knew the following spells:

 Your Spells              Type           Power        Failure   Level  Hunger
a - Freeze                Ice            ###.         3%          1    #......
b - Throw Frost           Conj/Ice       ##....       10%         2    ##.....

Your spell library contained the following spells:

 Spells                   Type           Power        Failure   Level  Hunger
 Ozocubu's Armour         Chrm/Ice       #.......     26%         3    ###....
 Throw Icicle             Conj/Ice       ##......     54%         4    #####..
 Summon Ice Beast         Ice/Summ       #.......     63%         4    #####..


Dungeon Overview and Level Annotations

Branches:
Dungeon (2/15)

Altars:
Uskayaw
Xom


Innate Abilities, Weirdness & Mutations

Shadows flee at your approach. (+LOS)
You can swim through water.
You cover ground slowly.
You can hop short distances.


Message History

The howler monkey skeleton hits you but does no damage.
You hit the howler monkey skeleton.
The howler monkey skeleton is severely damaged.
The howler monkey skeleton closely misses you.
You hit the howler monkey skeleton.
The howler monkey skeleton is severely damaged.
The howler monkey skeleton hits you.
* * * LOW HITPOINT WARNING * * *
You hit the howler monkey skeleton but do no damage.
The howler monkey skeleton is severely damaged.
The howler monkey skeleton completely misses you.
Casting: Throw Frost (safe; 10% risk of failure)
Confirm with . or Enter, or press ? or * to list all spells.
Aiming: Freeze (safe; 3% risk of failure)
Press: ? - help, Shift-Dir - straight line, f - howler monkey skeleton
Aim: a howler monkey skeleton (severely damaged)
The howler monkey skeleton resists.
You freeze the howler monkey skeleton.
The howler monkey skeleton is severely damaged.
The howler monkey skeleton hits you.
You die...

..##.........#
#.........#..#
.......#..#..#
.........>...#
.......#%....#
#.......[...#
#.##......#.#
####.#..#†...#.#
.........@.....#
###.####.Z######
#..... #.####
.......#....#
.......#.##.#
..._.....##.#
.......#.##.#
.......#..#.#
#..... #....#


You could see a howler monkey skeleton.

Vanquished Creatures
  3 dart slugs
  2 leopard geckos
  2 giant cockroaches (D:1)
  2 goblins (D:1)
  A hobgoblin (D:1)
  3 jackals (D:1)
  A ball python (D:1)
  3 bats
  A frilled lizard (D:1)
  3 kobolds
  6 rats
27 creatures vanquished.

Notes
Turn   | Place    | Note
-------+----------+-------------------------------------------
     0 | D:1      | troglodite the Barachi Ice Elementalist began the quest for
                  | the Orb.
     0 | D:1      | Reached XP level 1. HP: 13/13 MP: 3/3
   384 | D:1      | Reached XP level 2. HP: 12/19 MP: 0/5
   401 | D:1      | Reached skill level 4 in Ice Magic
   690 | D:1      | Learned a level 2 spell: Throw Frost
   890 | D:1      | Found a shimmering altar of Xom.
   942 | D:1      | Reached XP level 3. HP: 25/25 MP: 0/6
  1518 | D:2      | Found a hide-covered altar of Uskayaw.
  1831 | D:2      | Slain by a howler monkey skeleton

Skill      XL: |  1  2 |
---------------+-------+-----
Ice Magic      | 4 |  4.3
Fighting       | |  0.8
Dodging        | |  2.6
Stealth        | |  1.8
Spellcasting   | |  2.7
Conjurations   | |  1.1

Action                   || total
-------------------------++-------
Melee: Unarmed           ||    47
 Cast: Freeze            ||    22
       Throw Frost       ||    23
 Abil: Hop               ||     2
  Eat: Chunk             ||     2
       Ration            ||     1
Armor: Robe              ||    16
Dodge: Dodged            ||    69
